 Dungeon Crawl Stone Soup version 0.21.1-1-g345015fe64 (webtiles) character file.

116 Jannitor the Grave Robber (level 5, -8/44 HPs)
             Began as a Hill Orc Necromancer on Apr 22, 2018.
             Was an Initiate of Beogh.
             Mangled by an ogre
             ... wielding a +0 giant club
              (14 damage)
             ... on level 4 of the Dungeon.
             The game lasted 00:09:21 (3421 turns).

Jannitor the Grave Robber (Hill Orc Necromancer)    Turns: 3421, Time: 00:09:21

Health: -8/44      AC:  4    Str: 12    XL:     5   Next: 0%
Magic:  7/7        EV: 12    Int: 15    God:    Beogh [......]
Gold:   120        SH:  2    Dex: 11    Spells: 2/7 levels left

rFire    . . .     SeeInvis .     - Unarmed
rCold    . . .     Gourm    .   (no shield)
rNeg     . . .     Faith    .   j - +0 leather armour {rPois}
rPois    +         Spirit   .   (no helmet)
rElec    .         Reflect  +   (no cloak)
rCorr    +         Harm     .   d - +0 pair of gloves
MR       .....                  (no boots)
Stlth    +.........             i - +2 amulet of reflection
HPRegen  0.14/turn              g - ring of resist corrosion
MPRegen  0.10/turn              h - +1 ring of evasion

@: no status effects
A: no striking features
a: Renounce Religion


You were on level 4 of the Dungeon.
You worshipped Beogh.
Beogh was noncommittal.
You were not hungry.

You visited 1 branch of the dungeon, and saw 5 of its levels.

You collected 120 gold pieces.

Inventory:

Hand Weapons
 k - a +3 spear of venom
Armour
 a - a +0 robe
 d - a +0 pair of gloves (worn)
 j - a +0 leather armour of poison resistance (worn)
Jewellery
 g - a ring of resist corrosion (left hand)
 h - a +1 ring of evasion (right hand)
 i - a +2 amulet of reflection (around neck)
 l - an uncursed amulet of the gourmand
 m - a +5 amulet of reflection
Scrolls
 e - a scroll of immolation {unknown}
 f - 2 scrolls of identify
 n - 2 scrolls of remove curse
Potions
 o - a potion of curing {unknown}
 p - a potion of degeneration {unknown}
Books
 b - a book of Necromancy

   Spells                             Type                      Level
   a - Pain                           Necromancy                   1
   b - Animate Skeleton               Necromancy                   1
   c - Vampiric Draining              Necromancy                   3
   d - Regeneration                   Charms/Necromancy            3
   e - Animate Dead                   Necromancy                   4
   f - Borgnjor's Vile Clutch         Necromancy/Earth             5
 r - a book of Callings

   Spells                             Type                      Level
   a - Summon Small Mammal            Summoning                    1
   b - Call Imp                       Summoning                    2
   c - Call Canine Familiar           Summoning                    3
   d - Summon Guardian Golem          Hexes/Summoning              3
   e - Summon Lightning Spire         Summoning/Air                4
   f - Summon Ice Beast               Ice/Summoning                4
Comestibles
 c - 5 rations
 q - 5 chunks of flesh


   Skills:
 + Level 2.9 Fighting
 - Level 1.5 Dodging
 - Level 1.5 Stealth
 + Level 2.6 Unarmed Combat
 - Level 1.5 Spellcasting
 + Level 4.8 Necromancy


You had 2 spell levels left.
You knew the following spells:

 Your Spells              Type           Power        Failure   Level  Hunger
a - Pain                  Necr           ###.         4%          1    ##.....
b - Animate Skeleton      Necr           N/A          4%          1    ##.....
c - Vampiric Draining     Necr           ###.......   12%         3    ####...


Dungeon Overview and Level Annotations

Branches:
Dungeon (5/15)
 Temple: D:4-7

Altars:

Annotations:
D:5 Eustachio


Message History

You climb upwards.
The ogre hits you with a giant club!
* * * LOW HITPOINT WARNING * * *
There is a stone staircase leading down here.
Unknown command.
Unknown command.
Unknown command.
Unknown command.
Unknown command.
The howler monkey barely misses you.
The howler monkey hoots and howls with incredible vigour!
The howler monkey hoots and howls with incredible vigour!
Found a stone staircase leading up.
Your magical contamination has completely faded away.
The howler monkey hoots and howls with incredible vigour!
You hear an angry hiss.
There is a stone staircase leading up here.
The howler monkey hoots and howls with incredible vigour!
The howler monkey hoots and howls with incredible vigour!
The ogre hits you with a giant club!
You die...

#...###..## #.#
#.#.......## ..#
#....#.#.#.# #.#
###..##..[## .#..
#...###.### #.#
#.........##..####
#...#...<.........
##..#.###..#.#####
........@...#
#..#.##.O...####
#....#..........
#.##..#.........
#.......h..#####
##.............
.......<#.#####
##.#.o....#
##.##..#.#


You could see an ogre, a howler monkey and a neutral orc (wandering).

Vanquished Creatures
  3 gnolls (D:2)
  4 adders
  2 leopard geckos
  An orc (D:4)
  A ball python (D:4)
  2 giant cockroaches (D:2)
  10 goblins
  2 hobgoblins
  3 kobolds
  A quokka (D:2)
  6 bats
  3 frilled lizards
  4 rats
42 creatures vanquished.

Vanquished Creatures (collateral kills)
  An adder (D:2)
  A bat (D:2)
  A giant cockroach (D:2)
3 creatures vanquished.

Grand Total: 45 creatures vanquished

Notes
Turn   | Place    | Note
-------+----------+-------------------------------------------
     0 | D:1      | Jannitor the Hill Orc Necromancer began the quest for the Orb.
     0 | D:1      | Reached XP level 1. HP: 14/14 MP: 3/3
   400 | D:1      | Reached XP level 2. HP: 22/22 MP: 2/4
   416 | D:1      | Reached skill level 1 in Fighting
   426 | D:1      | Reached skill level 1 in Unarmed Combat
   625 | D:1      | Learned a level 1 spell: Animate Skeleton
  1200 | D:2      | Reached XP level 3. HP: 10/28 MP: 2/5
  1414 | D:2      | Learned a level 3 spell: Vampiric Draining
  2124 | D:2      | Reached XP level 4. HP: 15/36 MP: 0/6
  2795 | D:3      | You fall through a shaft for 2 floors!
  2795 | D:5      | Entered Level 5 of the Dungeon
  3137 | D:4      | Became a worshipper of Beogh the Brigand
  3340 | D:4      | Reached XP level 5. HP: 44/44 MP: 7/7
  3381 | D:4      | Noticed an ogre
  3396 | D:5      | Noticed Eustachio
  3421 | D:4      | Mangled by an ogre

Skill      XL: |  1  2  3 |
---------------+----------+-----
Fighting       | 1 2 |  2.9
Unarmed Combat | 1 2 |  2.6
Dodging        | |  1.5
Stealth        | |  1.5
Spellcasting   | |  1.5
Necromancy     | |  4.8

Action                   |  1- 3 |  4- 6 || total
-------------------------+-------+-------++-------
Melee: Unarmed           |    84 |    58 ||   142
       Spear             |       |     1 ||     1
 Cast: Pain              |    51 |    18 ||    69
       Animate Skeleton  |     4 |     6 ||    10
Invok: Convert to Beogh  |       |     1 ||     1
  Use: Scroll            |       |     5 ||     5
 Stab: Sleeping          |     1 |       ||     1
  Eat: Chunk             |     5 |     2 ||     7
       Ration            |       |     1 ||     1
Armor: Robe              |    25 |     5 ||    30
       Leather armour    |       |     2 ||     2
Dodge: Dodged            |    63 |    44 ||   107
Block: Other             |     4 |     7 ||    11
